AoeStats
← AoEE.dvdv

Lombardia

507452689Analyzed
2v2 RM · 13d ago on Sep 18, 2026· 59m 48s· 4 players
Game mode
Random Map
Map size
Medium (4 player)
Population
200
Speed
Normal
Resources
Standard
Victory
Conquest
Starting age
Dark Age
Ending age
Imperial Age
RankedLock teamsTeams togetherTeam positionsShared explorationLock speedFull tech treeHidden civsTurbo modeCheats
Victory
Defeat
🇦🇺 Armenians · Australia
1176
+13
🇦🇺 Vietnamese · Australia
1173
+13
🇪🇪 Muisca · Estonia
1173
-16
🇪🇪 Lithuanians · Estonia
1043
-10
AoEE.dvdv
9:20 Loom
11:08 Feudal Age
19:09 Double-Bit Axe
21:56 Horse Collar
25:44 Castle Age
27:25 Husbandry
30:12 Scale Barding Armor
29:58 Fletching
30:19 Forging
31:46 Bodkin Arrow
32:33 Wheelbarrow
34:02 Bow Saw
42:36 Bloodlines
45:13 Chain Barding Armor
AoEE.Karhanin
7:30 Loom
9:49 Feudal Age
10:54 Double-Bit Axe
14:30 Horse Collar
15:39 Fletching
18:07 Padded Archer Armor
25:45 Castle Age
24:05 Stone Mining
24:06 Gold Mining
26:21 Crossbowman
28:49 Bodkin Arrow
29:55 Herbalism
41:23 Ballistics
44:42 Imperial Age
Saxtus
9:31 Feudal Age
18:19 Fletching
18:29 Padded Archer Armor
24:11 Castle Age
24:36 Crossbowman
25:23 Thumb Ring
32:58 Bodkin Arrow
33:52 Leather Archer Armor
58:48 Ballistics
trickflogg
6:49 Loom
9:39 Feudal Age
10:10 Man-at-Arms
12:11 Long Swordsman
14:10 Arson
15:58 Double-Bit Axe
19:37 Fletching
19:49 Padded Archer Armor
27:29 Castle Age
27:33 Pikeman
28:36 Scale Mail Armor
29:25 Horse Collar
29:22 Halberdier
32:17 Squires
35:13 Chain Mail Armor
39:57 Two-Handed Swordsman
44:01 Forging
47:32 Iron Casting
52:18 Wheelbarrow
53:06 Bow Saw
52:49 Gold Mining
56:35 Imperial Age
59:52 Plate Mail Armor
60:27 Heavy Plow
Connection lost

Rejoining the realm…

Still unreachable

The connection could not be restored.

Session expired

The server has moved on; the page needs a fresh start.